 Dungeon Crawl Stone Soup version bcrawl-1.22 (webtiles) character file.

Game seed: 4081978834412402275

21863 Chiseanne the Fighter (level 12, -16/99 HPs)
             Began as a Mummy Archaeologist on May 21, 2020.
             Was an Initiate of Gozag.
             Killed from afar by Jorgrun (43 damage)
             ... with an iron shot
             ... on level 11 of the Dungeon.
             The game lasted 00:47:59 (17064 turns).

Chiseanne the Fighter (Mummy Archaeologist)        Turns: 17064, Time: 00:48:00

Health: -16/99     AC: 15    Str: 14    XL:     12   Next: 57%
Magic:  0/16       EV: 12    Int: 23    God:    Gozag
Gold:   500        SH: 15    Dex: 11    Spells: 11/11 levels left

rFire    . . .     SeeInvis +   a - +6 rapier of the Whale {venom, rPois Int+5}
rCold    + + .     Gourm    .   b - +0 large shield
rNeg     + + +     Faith    .   F - +2 robe {rF+}
rPois    ∞         Spirit   +   G - +2 helmet {SInv}
rElec    .         Reflect  .   q - +1 cloak
rCorr    .         Harm     .   n - +1 pair of gloves
MR       +....     Clarity  +   y - +1 pair of boots
Stlth    ++++......             C - amulet of guardian spirit
HPRegen  0.26/turn              k - ring of stealth
MPRegen  0.15/turn              A - ring of protection from cold

@: no status effects
A: no food or potions, fire vulnerability, clarity, cold resistance 1, negative
energy resistance 3, torment resistance, unbreathing
a: Potion Petition, Call Merchant, Bribe Branch, Renounce Religion


You were on level 11 of the Dungeon.
You worshipped Gozag.
Gozag was pleased with you.
You were not hungry.

You visited 2 branches of the dungeon, and saw 13 of its levels.

You collected 2587 gold pieces.
You spent 812 gold pieces at shops.
You paid 1275 gold pieces to Gozag.

Inventory:

Hand Weapons
 a - the +6 rapier of the Whale (weapon) {venom, rPois Int+5}
   (You found it on level 7 of the Dungeon)

   It poisons the flesh of those it strikes.
   It affects your intelligence (+5).
   It protects you from poison.
 d - a +3 short sword of freezing
 s - a +2 long sword of flaming
 w - a +0 hunting sling of velocity
Missiles
 c - 112 poisoned tomahawks
 f - a throwing net {!f}
 m - 171 poisoned needles
 x - 310 tomahawks (quivered)
Armour
 b - a +0 large shield (worn)
 n - a +1 pair of gloves (worn)
 q - a +1 cloak (worn)
 y - a +1 pair of boots (worn)
 F - a +2 robe of fire resistance (worn)
 G - a +2 helmet of see invisible (worn)
Magical Staves
 u - an uncursed staff of wizardry
Jewellery
 g - a +3 ring of intelligence
 k - a ring of stealth (left hand)
 r - an uncursed ring of magical power
 A - a ring of protection from cold (right hand)
 C - an amulet of guardian spirit (around neck)
Wands
 j - a wand of scattershot (1)
 l - a wand of digging (2)
 o - a wand of flame (7)
 z - a wand of enslavement (1)
 B - a wand of acid (6)
Scrolls
 e - 2 scrolls of magic mapping
 i - 4 scrolls of teleportation
 t - 6 scrolls of remove curse
 v - 6 scrolls of identify


   Skills:
 * Level 10.8 Fighting
   Level 0.7 Maces & Flails
 * Level 8.9 Armour
 - Level 6.6 Dodging
 - Level 2.6 Stealth
 * Level 8.9 Shields
 * Level 6.5 Evocations


You had 11 spell levels left.
You didn't know any spells.
Your spell library contained the following spells:

 Spells                   Type           Power        Failure   Level  Hunger
 Sandblast                Erth           #.....       77%         1    N/A
 Passwall                 Tmut/Erth      #.......     88%         2    N/A
 Stone Arrow              Conj/Erth      #.....       98%         3    N/A
 Petrify                  Tmut/Erth      #.......     100%        4    N/A
 Lee's Rapid Deconstruct  Erth           #.........   100%        5    N/A

Dungeon Overview and Level Annotations

Branches:
Dungeon (12/12)            Temple (1/1) D:5            Lair (0/6) D:8
    Orc (0/1) D:8          Depths (0/5) D:12
 Vaults: D:11-12

Altars:
Ashenzari
Cheibriados
Dithmenos
Elyvilon
Gozag
Hepliaklqana
Kikubaaqudgha
Lugonu
Makhleb
Nemelex Xobeh
Okawaru
Qazlal
Ru
Sif Muna
Trog
Uskayaw
Vehumet
Wu Jian
Xom
Yredelemnul
Zin
The Shining One

Shops:
D:6 [   D:8 (   D:9 (   D:10 [   D:12 ?

Annotations:
D:11 Jorgrun
D:12 Roxanne


Innate Abilities, Weirdness & Mutations

You do not eat or drink.
Your flesh is vulnerable to fire.
You are immune to poison.
You possess an exceptional clarity of mind.
Your flesh is cold resistant. (rC+)
You are immune to negative energy. (rN+++)
You are immune to unholy pain and torment.
You can survive without breathing.


Message History

The roots' grasp on you weakens, but your attempt to escape fails.
Jorgrun gestures at you while chanting.
The wall shatters!
The blast of rock fragments hits you but does no damage.
The grasping roots constrict you! You block the earth elemental's attack.
You puncture the earth elemental!
The earth elemental is moderately damaged.
Jorgrun hits you with a +0 quarterstaff of crushing!
The grasping roots constrict you. You block the earth elemental's attack.
You escape the roots' grasp.
Jorgrun points at you and mumbles some strange words.
Roots burst forth from the earth!
The grasping roots grab you!
* * * LOW HITPOINT WARNING * * *
The grasping roots constrict you.
You escape the roots' grasp.
Jorgrun gestures at you while chanting. The iron shot hits you!!!
You die...
Your body crumbles into a pile of gold.

###.##### #.......#
#.#.###.### #.#.......##
######### #.###......#
#.......# #.# #......#
#.......# #.# #......# #####
#.......#
#.###......####...####.......#
............>...@..........>.#
#.....#######.#...#........E.#
#.....# #....#.#g#.....#.####
#.....# #../.'.#E'.....##
#.##### #....####.....######
..#### ##....#...'..........
.....####.....#.###.........#
####..........#.# ##........#
#.........)#.# #........#


You could see Jorgrun and an earth elemental.

Vanquished Creatures
  Josephine (D:11)
  An ogre mage (D:11)
  A centaur warrior (D:11)
  2 two-headed ogres
  2 tengu warriors
  A deep elf knight (D:11)
  Nergalle (D:10)
  A wizard (D:11)
  A naga mage (D:12)
  2 cyclopes
  2 ugly things
  A deep elf mage (D:12)
  A necromancer (D:12)
  A manticore (D:10)
  Joseph (D:7)
  A gargoyle (D:10)
  4 centaur skeletons
  2 komodo dragons
  A troll (D:8)
  3 hornets
  A hippogriff (D:9)
  A harpy skeleton (D:12)
  Prince Ribbit (D:5)
  A blink frog (shapeshifter) (D:6)
  A vampire (D:11)
  A wyvern (D:10)
  3 wraiths
  A shadow (D:11)
  A hungry ghost (D:12)
  3 vampire mosquitoes (D:12)
  An acid dragon (D:10)
  3 porcupines (D:8)
  3 ice beasts
  7 orc warriors
  5 sky beasts
  A black bear (D:6)
  A hornet zombie (D:11)
  A necrophage (D:6)
  7 ogres
  3 phantoms
  8 centaurs
  6 bullfrogs
  A wyvern zombie (D:6)
  5 scorpions
  9 killer bees
  4 howler monkeys
  13 wights
  6 crimson imps
  A bullfrog zombie (D:3)
  2 centaur zombies
  5 hounds
  2 jellies
  8 orc wizards
  7 orc priests
  A bullfrog skeleton (D:4)
  2 iguanas
  A hell rat (D:7)
  5 worker ants
  A hound skeleton (D:4)
  A worker ant zombie (D:7)
  4 gnolls (D:3)
  A river rat (D:8)
  11 adders
  4 shadow imps
  4 oozes
  An adder skeleton (D:8)
  A worm (D:3)
  2 dart slugs (D:1)
  5 leopard geckos
  50 orcs
  2 ball pythons
  A giant cockroach (D:5)
  10 goblins
  8 hobgoblins
  7 jackals
  7 quokkas
  3 bats
  4 frilled lizards
  4 kobolds (D:3)
  A quokka skeleton (D:5)
  3 rats
297 creatures vanquished.

Vanquished Creatures (collateral kills)
  A wizard (D:12)
  An orc sorcerer (D:12)
  A crimson imp (D:10)
  2 orc priests (D:10)
5 creatures vanquished.

Vanquished Creatures (others)
  A harpy skeleton (D:12)
  2 orcs (D:11)
  2 plants (D:10)
5 creatures vanquished.

Grand Total: 307 creatures vanquished

Notes
Turn   | Place    | Note
-------+----------+-------------------------------------------
     0 | D:1      | Chiseanne the Mummy Archaeologist began the quest for the
                  | Orb.
     0 | D:1      | Reached XP level 1. HP: 15/15 MP: 1/1
    42 | D:1      | Reached XP level 2. HP: 15/21 MP: 2/2
   510 | D:1      | Reached skill level 2 in Fighting
  1167 | D:2      | Found a shimmering blue altar of Sif Muna.
  1200 | D:2      | Found a glowing silver altar of Zin.
  1200 | D:2      | Found a hazy altar of Hepliaklqana.
  1367 | D:2      | Reached XP level 3. HP: 27/27 MP: 3/3
  1512 | D:2      | Found a sparkling altar of Nemelex Xobeh.
  1693 | D:3      | Noticed an ogre
  1860 | D:4      | Found a snail-covered altar of Cheibriados.
  1865 | D:4      | Noticed an ogre
  1914 | D:4      | Reached skill level 1 in Armour
  1914 | D:4      | Reached skill level 1 in Shields
  1914 | D:4      | Reached XP level 4. HP: 12/34 MP: 4/4
  2171 | D:4      | Reached XP level 5. HP: 15/40 MP: 5/5
  2171 | D:4      | Identified a scroll of acquirement
  2176 | D:4      | Identified the amulet "Fadel" {Acrobat Dex+4} (You acquired
                  | it on level 4 of the Dungeon)
  2384 | D:4      | Killed an ogre
  2384 | D:4      | Reached skill level 3 in Fighting
  2447 | D:4      | Reached XP level 6. HP: 39/47 MP: 6/6
  2933 | D:3      | Reached skill level 4 in Fighting
  2933 | D:3      | Reached XP level 7. HP: 25/54 MP: 7/7
  3229 | D:3      | Found a sacrificial altar of Ru.
  3403 | D:3      | Found an ornate altar of the Wu Jian Council.
  3677 | D:3      | Found a shimmering altar of Xom.
  4105 | D:5      | Entered Level 5 of the Dungeon
  4123 | D:5      | Noticed Prince Ribbit
  4138 | D:5      | Killed Prince Ribbit
  4138 | D:5      | Reached XP level 8. HP: 42/61 MP: 8/8
  4263 | D:5      | Found a staircase to the Ecumenical Temple.
  4273 | Temple   | Entered the Ecumenical Temple
  4457 | Temple   | Became a worshipper of Gozag Ym Sagoz the Greedy
  4591 | D:5      | Reached skill level 5 in Fighting
  4686 | D:5      | Noticed a hornet
  4698 | D:5      | Killed a hornet
  4698 | D:5      | Reached skill level 5 in Dodging
  5284 | D:6      | Found Qawnoubo's Antique Armour Emporium.
  5289 | D:6      | Bought a spiked leather armour for 168 gold pieces
  5290 | D:6      | Identified the cursed +0 leather armour "Siekkot" {rC-
                  | rCorr Stlth+} (You bought it in a shop on level 6 of the
                  | Dungeon)
  5338 | D:6      | Found an ancient bone altar of Kikubaaqudgha.
  5652 | D:6      | Reached skill level 6 in Fighting
  5665 | D:6      | Reached XP level 9. HP: 45/69 MP: 9/9
  6056 | D:6      | Found a burning altar of Makhleb.
  6137 | D:6      | Reached skill level 5 in Armour
  6137 | D:6      | Reached skill level 5 in Shields
  6987 | D:7      | Noticed a cyclops
  6998 | D:7      | Killed a cyclops
  6998 | D:7      | Reached skill level 7 in Fighting
  7118 | D:7      | Noticed Joseph
  7133 | D:7      | Killed Joseph
  7133 | D:7      | Reached XP level 10. HP: 35/79 MP: 10/10
  7676 | D:7      | Got a jewelled rapier
  7712 | D:7      | Identified the +6 rapier of the Whale {venom, rPois Int+5}
                  | (You found it on level 7 of the Dungeon)
  7822 | D:8      | Noticed a two-headed ogre
  7914 | D:8      | Killed a two-headed ogre
  7914 | D:8      | Reached skill level 1 in Evocations
  8663 | D:8      | Reached skill level 8 in Fighting
  8691 | D:8      | Found a staircase to the Lair.
  8691 | D:8      | Noticed a death yak
  8691 | D:8      | Noticed a death yak
  8978 | D:8      | Found Posk's Weapon Shoppe.
  8981 | D:8      | Found a staircase to the Orcish Mines.
 10241 | D:9      | Got an ichor-stained robe
 10257 | D:9      | Identified the +1 robe of Dice, Bag, and Bottle {rN+ SInv}
                  | (You found it on level 9 of the Dungeon)
 10354 | D:10     | Entered Level 10 of the Dungeon
 10396 | D:10     | Noticed a tengu warrior
 10565 | D:9      | Reached XP level 11. HP: 55/87 MP: 8/13
 11067 | D:9      | Killed a tengu warrior
 11220 | D:10     | Noticed a cyan ugly thing
 11732 | D:9      | Reached skill level 9 in Fighting
 12027 | D:10     | Noticed Nergalle
 12040 | D:10     | Killed Nergalle
 12321 | D:10     | Killed a cyan ugly thing
 12545 | D:10     | Noticed a tengu warrior
 12560 | D:10     | Killed a tengu warrior
 13286 | D:10     | Bought a +2 helmet of see invisible for 365 gold pieces
 13331 | D:11     | Noticed a purple ugly thing
 13358 | D:11     | Killed a purple ugly thing
 13581 | D:11     | Noticed a vault guard
 13870 | D:11     | Noticed an ogre mage
 13888 | D:11     | Killed an ogre mage
 13888 | D:11     | Reached skill level 5 in Evocations
 13890 | D:11     | Noticed a wizard
 13905 | D:11     | Killed a wizard
 13976 | D:11     | Found a stormy altar of Qazlal.
 14237 | D:11     | Noticed a vault guard
 14237 | D:11     | Noticed a deep elf knight
 14240 | D:11     | Noticed a vault guard
 14327 | D:11     | Noticed Jorgrun
 14327 | D:11     | Noticed Josephine
 14329 | D:11     | Noticed a centaur warrior
 14333 | D:12     | Entered Level 12 of the Dungeon
 14608 | D:12     | Reached skill level 10 in Fighting
 14643 | D:12     | Noticed a cyclops
 14656 | D:12     | Killed a cyclops
 14656 | D:12     | Reached XP level 12. HP: 87/97 MP: 14/16
 14688 | D:12     | Noticed Roxanne
 15320 | D:12     | Found a staircase to the Depths.
 15816 | D:12     | Found Liopp's Magic Scroll Boutique.
 15832 | D:12     | Bought a scroll of identify for 36 gold pieces
 15832 | D:12     | Bought a scroll of identify for 36 gold pieces
 15832 | D:12     | Bought a scroll of identify for 36 gold pieces
 15832 | D:12     | Bought a scroll of enchant armour for 135 gold pieces
 15832 | D:12     | Bought a scroll of identify for 36 gold pieces
 16439 | D:11     | Killed Josephine
 16484 | D:11     | Killed a centaur warrior
 16912 | D:11     | Noticed a two-headed ogre
 16918 | D:11     | Killed a two-headed ogre
 17064 | D:11     | Killed from afar by Jorgrun

Skill      XL: |  1  2  3  4  5  6  7  8  9 10 11 12 |
---------------+-------------------------------------+-----
Fighting       | 2 3 4 6 7 8 10 | 10.8
Dodging        | 3 4 5 6 |  6.6
Armour         | 1 2 3 4 5 6 8 |  8.9
Shields        | 1 2 3 4 5 7 8 |  8.9
Evocations     | 3 5 6 |  6.5
Maces & Flails | |  0.7
Stealth        | |  2.6

Action                   |  1- 3 |  4- 6 |  7- 9 | 10-12 || total
-------------------------+-------+-------+-------+-------++-------
Melee: Whip              |    36 |       |       |       ||    36
       Spear             |    85 |       |       |       ||    85
       Flail             |     4 |       |       |       ||     4
       Trident           |       |    14 |    52 |       ||    66
       Rapier            |       |    43 |   338 |   543 ||   924
       Long sword        |       |       |       |   274 ||   274
       Dagger            |       |       |       |    10 ||    10
 Fire: Hunting sling     |       |       |     4 |       ||     4
Throw: Javelin           |     2 |    22 |    44 |    34 ||   102
       Tomahawk          |       |       |       |    16 ||    16
Invok: Call Merchant     |       |       |       |     2 ||     2
       Potion Petition   |       |       |       |     1 ||     1
Evoke: Wand              |       |       |    10 |    22 ||    32
  Use: Scroll            |     5 |     1 |     4 |    12 ||    22
 Stab: Sleeping          |     7 |       |    11 |    14 ||    32
       Distracted        |       |       |     1 |     2 ||     3
Armor: Robe              |     9 |       |       |    92 ||   101
       Ring mail         |    40 |    19 |   127 |       ||   186
       Leather armour    |       |       |       |   207 ||   207
Dodge: Dodged            |    43 |    12 |    92 |   372 ||   519
Block: Large shield      |    50 |    35 |   246 |   760 ||  1091
